 Dungeon Crawl Stone Soup version 0.26-a0-362-g1d9a9cd4fa (webtiles) character file.

Game seed: 629104536505332909

0 Gargoyl the Skirmisher (level 1, -3/19 HPs)
             Began as a Palentonga Abyssal Knight on July 18, 2020.
             Was a Follower of Lugonu.
             Slain by a tentacled starspawn (9 damage)
             ... on level 1 of the Abyss.
             The game lasted 00:00:20 (98 turns).

Gargoyl the Skirmisher (Palentonga Abyssal Knight)    Turns: 98, Time: 00:00:20

Health: -3/19      AC:  4    Str: 15    XL:     1   Next: 0%
Magic:  2/2        EV:  6    Int: 12    God:    Lugonu [*.....]
Gold:   21         SH:  0    Dex:  9    Spells: 0/0 levels left

rFire    . . .     SeeInvis +   a - +1 hand axe
rCold    . . .     Faith    .   (no shield)
rNeg     . . .     Spirit   .   b - +0 leather armour
rPois    .         Reflect  .   (no helmet)
rElec    .         Harm     .   (no cloak)
rCorr    .                      (no gloves)
MR       .....                  (boots restricted)
Stlth    +.........             e - amulet of inaccuracy (curse)
HPRegen  0.06/turn              (no ring)
MPRegen  0.08/turn              (no ring)

@: constricted
A: large, rugged brown scales 3, see invisible, deformed body, roll, armoured
tail
a: Rolling Charge, Depart the Abyss, Renounce Religion


You were on level 1 of the Abyss.
You worshipped Lugonu.
Lugonu was aware of your devotion.
You visited 0 branches of the dungeon, and saw 0 of its levels.
You visited the Abyss 1 time.

You collected 21 gold pieces.

Inventory:

Hand Weapons
 a - a +1 hand axe (weapon)
Armour
 b - a +0 leather armour (worn)
Jewellery
 e - a cursed amulet of inaccuracy (around neck)
Potions
 c - 2 potions of brilliance


   Skills:
 + Level 3.0 Fighting
 + Level 2.0 Axes
 + Level 1.5 Armour
 + Level 0.7 Dodging
 + Level 2.0 Invocations


You couldn't memorise any spells.
You didn't know any spells.
Your spell library was empty.

Dungeon Overview and Level Annotations

Branches:
Dungeon (0/15)

Altars:


Innate Abilities, Weirdness & Mutations

You are completely covered in rugged brown scales. (AC +3, +7% HP)
You have supernaturally acute eyesight. (SInv)
Armour fits poorly on your strangely shaped body.
You can roll at foes to attack.
You have a long armoured tail.


Message History

e - a cursed amulet of inaccuracy (around neck)
As you read the scroll labeled GUHUAGH QYAF, it crumbles to dust.
It is a scroll of identify.
c - 2 potions of brilliance The starspawn tentacle loses its grip on you.
The tentacle pulls you backwards!
The starspawn tentacle closely misses you.
The starspawn tentacle grabs you.
The starspawn tentacle constricts you. 2 starspawn tentacle segments come into view.
Unknown command.
You escape the starspawn tentacle's grasp.
Unknown command.
The starspawn tentacle grabs you. The starspawn tentacle constricts you.
You escape the starspawn tentacle's grasp.
The starspawn tentacle grabs you. The starspawn tentacle constricts you.
Found a scroll labeled ORAR DYMIYRPH.
Unknown command.
The starspawn tentacle's grasp on you weakens, but your attempt to escape fails.
The tentacled starspawn bites you. The tentacled starspawn engulfs you!
You die...

.. ............. ..
...... ................
....... ....)..........
#.... #.....#..... ... .
##!..###...###...###..
..#.....#.....#... .# .
........................
........w............. .
.......@w>........... .
?##..##.X##..##..##..# #
#..##..# ..# . .........
..... . .. ........
...... #..##..##..##..##
# #.. #..##..# ..# ..
......... ... #.# #.#.
..


You could see a tentacled starspawn and 2 starspawn tentacles.

Vanquished Creatures (others)
  4 starspawn tentacles (Abyss:1)
4 creatures vanquished.

Notes
Turn   | Place    | Note
-------+----------+-------------------------------------------
     0 | Abyss:1  | Gargoyl the Palentonga Abyssal Knight began the quest for
                  | the Orb.
     0 | Abyss:1  | Reached XP level 1. HP: 19/19 MP: 2/2
    65 | Abyss:1  | Noticed a tentacled starspawn
    98 | Abyss:1  | Slain by a tentacled starspawn

Illustrated notes

Levels and vault maps discovered:
Abyss:1

Action                   || total
-------------------------++-------
  Use: Scroll            ||     1
Dodge: Dodged            ||     2

Table legend:
 A = Non-vault XP
 B = Vault XP
 C = Vault XP percentage of total XP
 D = Non-vault monster count
 E = Vault monster count
 F = Vault count percentage of total count
                 A         B        C        D         E       F
            +---------+---------+-------+---------+---------+-------
      Total |       0 |       0 |   N/A |       0 |       0 |  -nan
            +---------+---------+-------+---------+---------+-------
            +---------+---------+-------+---------+---------+-------
